 Dungeon Crawl Stone Soup version 0.30.1-11-g7821555f0a (webtiles) character file.

Game seed: 374637978818877294

233 Jerry the Cudgeller (level 5, -5/52 HPs)
             Began as a Troll Gladiator on Dec 9, 2023.
             Slain by an iguana (8 damage)
             ... on level 4 of the Dungeon.
             The game lasted 00:06:53 (2454 turns).

Jerry the Cudgeller (Troll Gladiator)               Turns: 2454, Time: 00:06:54

Health: -5/52      AC:  4    Str: 24    XL:     5   Next: 74%
Magic:  4/4        EV: 10    Int:  4    God:
Gold:   214        SH:  0    Dex: 11    Spells: 4/4 levels left

rFire   . . .        a - +0 flail
rCold   . . .        (no shield)
rNeg    . . .        b - +0 robe
rPois   .            c - +0 hat
rElec   .            (no cloak)
rCorr   .            (gloves unavailable)
SInv    .            (boots unavailable)
Will    .....        (no amulet)
Stlth   +            (no ring)
HPRegen 1.08/turn    (no ring)
MPRegen 0.09/turn

%: no passive effects
@: no status effects
A: large, unfitting armour, claws 3, regeneration 1, shaggy fur 1, tough skin 1
a: no special abilities


You were on level 4 of the Dungeon.
You visited 1 branch of the dungeon, and saw 4 of its levels.

You collected 214 gold pieces.

Inventory:

Hand Weapons
 a - a +0 flail (weapon)
Missiles
 d - 3 throwing nets (quivered)
 e - a large rock
Armour
 b - a +0 robe (worn)
 c - a +0 hat (worn)
Jewellery
 n - a ring of wizardry
Wands
 r - a wand of mindburst (22)
Scrolls
 g - a scroll of amnesia {unknown}
 k - 3 scrolls of identify {unknown}
 m - a scroll of torment {unknown}
Potions
 f - 2 potions of heal wounds {unknown}
 h - a potion of mutation {unknown}
 i - 2 potions of berserk rage {unknown}
 j - 2 potions of curing {unknown}
 l - a potion of degeneration {unknown}
 o - a potion of brilliance {unknown}
 p - 2 potions of haste {unknown}
 q - a potion of flight {unknown}


   Skills:
 + Level 2.8 Fighting
 + Level 3.7 Maces & Flails
 + Level 3.1 Throwing
 + Level 3.4 Dodging


You had 4 spell levels left.
You didn't know any spells.
Your spell library contained the following spells:

 Spells                   Type           Power      Damage    Failure   Level
 Blink                    Tloc           0%         N/A       65%         2
 Cigotuvi's Dreadful Rot  Necr/Pois/Air  0%         N/A       65%         2
 Dispel Undead            Necr           0%         3d6       99%         4
 Manifold Assault         Tloc           0%         N/A       99%         4
 Death Channel            Necr           0%         N/A       100%        6
 Storm Form               Tmut/Air       0%         N/A       100%        7


Dungeon Overview and Level Annotations

Branches:
Dungeon (4/15)
 Temple: D:4-7

Altars:
Cheibriados
Nemelex Xobeh
Ru
Sif Muna


Innate Abilities, Weirdness & Mutations

You are too large for most types of armour.
You have claws for hands.
Your natural rate of healing is unusually fast.
You are covered in fur. (AC +1)
You have tough skin. (AC +1)


Message History

The iguana closely misses you.
You see here an inky potion.
You barely miss the iguana. The iguana closely misses you. x2
You hit the iguana.
The iguana is lightly wounded.
The iguana barely misses you. The iguana bites you!
You barely miss the iguana.
The iguana is lightly wounded.
The iguana bites you.
The iguana bites you but does no damage.
You hit the iguana.
The iguana is moderately wounded.
The iguana bites you! x2
You are too injured to fight recklessly!
You hit the iguana but do no damage.
The iguana is moderately wounded.
The iguana bites you!
* * * LOW HITPOINT WARNING * * *
You see here a hobgoblin corpse.
The iguana attacks as you move away! The iguana bites you.
* * * LOW HITPOINT WARNING * * *
You hit the iguana.
The iguana is moderately wounded.
The iguana bites you. The iguana bites you!
* * * LOW HITPOINT WARNING * * *
You hit the iguana.
The iguana is severely wounded.
The iguana bites you.
* * * LOW HITPOINT WARNING * * *
You hit the iguana.
You kill the iguana!
You thump the iguana!
The iguana is heavily wounded.
The iguana bites you!
* * * LOW HITPOINT WARNING * * *
You hit the iguana but do no damage.
The iguana is heavily wounded.
The iguana bites you but does no damage.
The iguana bites you!
You die...

###....# #..!# .#
######.##.#
.#...#.†...#
...........#
#######....#
#....###..
###l.......
...######.@#.###...
..........#### #.
.#######..## ##..#
#..# #..# #..##
##..# #..#


You could see an iguana.

Vanquished Creatures
  A scorpion (D:4)
  An orc priest (D:3)
  An iguana (D:4)
  6 adders
  2 worms
  2 dart slugs
  2 orcs (D:3)
  3 endoplasms (D:1)
  5 giant cockroaches
  4 goblins
  5 hobgoblins
  4 jackals (D:3)
  2 quokkas
  5 ball pythons
  5 bats
  4 frilled lizards
  4 kobolds
  3 rats
59 creatures vanquished.

Notes
Turn   | Place    | Note
-------+----------+-------------------------------------------
     0 | D:1      | Jerry the Troll Gladiator began the quest for the Orb.
     0 | D:1      | Reached XP level 1. HP: 19/19 MP: 0/0
    82 | D:1      | Reached XP level 2. HP: 26/28 MP: 1/1
   370 | D:1      | Reached XP level 3. HP: 35/35 MP: 2/2
   407 | D:1      | Found a faded altar of an unknown god.
   582 | D:2      | Found a shimmering blue altar of Sif Muna.
   943 | D:2      | Reached XP level 4. HP: 42/42 MP: 3/3
  1297 | D:3      | Reached XP level 5. HP: 31/50 MP: 4/4
  1328 | D:3      | Found a snail-covered altar of Cheibriados.
  1692 | D:3      | Found a sacrificial altar of Ru.
  1693 | D:3      | Found a sparkling altar of Nemelex Xobeh.
  2453 | D:4      | HP: 2/52 [iguana (10)]
  2454 | D:4      | Slain by an iguana

Illustrated notes

Levels and vault maps discovered:
D:1:      scummos_arrival_forest, layout_rooms,
          dreamdust_ecumenical_altar_sealed_demon
D:2:      layout_basic, basic_altar, serial_curves, eino_curves_01,
          eino_curves_04
D:3:      layout_basic, gammafunk_temple_overflow_pools,
          cheibrodos_worm_habitat, grunt_decor_junction
D:4:      kennysheep_six_static_rooms, layout_cave_pods, minmay_between

Skill      XL: |  1  2  3  4  5 |
---------------+----------------+-----
Throwing       | 2 3 |  3.1
Maces & Flails | 3 |  3.7
Fighting       | 2 |  2.8
Dodging        | 3 |  3.4

Action                     |  1- 3 |  4- 6 || total
---------------------------+-------+-------++-------
  Melee: Flail             |   113 |    95 ||   208
         Punch             |       |     1 ||     1
   Stab: Sleeping          |     4 |       ||     4
 Armour: Robe              |    48 |    42 ||    90
  Dodge: Dodged            |    70 |    61 ||   131
